 Dungeon Crawl Stone Soup version 0.18.1-1-g2f07953 (webtiles) character file.

5436 Eucla the Cleaver (level 10, -2/61 HPs)
             Began as a Gargoyle Monk on May 9, 2016.
             Was a High Priest of the Shining One.
             Slain by an earth elemental (15 damage)
             ... summoned by a deep elf mage
             ... on level 9 of the Dungeon.
             The game lasted 00:09:03 (7656 turns).

Eucla the Cleaver (Gargoyle Monk)                   Turns: 7656, Time: 00:09:04

Health: -2/61      AC: 20    Str: 12    XL:     10   Next: 68%
Magic:  10/10      EV:  3    Int: 11    God:    the Shining One [*****.]
Gold:   373        SH:  0    Dex: 15    Spells: 0 memorised, 9 levels left

rFire  . . .     SeeInvis .     p - +0 battleaxe
rCold  . . .     Gourm    .     C - +0 plate armour
rNeg   + + +     Faith    .     (shield currently unavailable)
rPois  ∞         Spirit   .     (no helmet)
rElec  +         Dismiss  .     E - +2 cloak {rPois}
rCorr  .         Reflect  .     (no gloves)
SustAt .         Harm     .     (no boots)
MR     .....                    h - amulet of magic regeneration
Stlth  ..........               H - -3 ring of strength (curse)
                                F - ring of flight

@: glowing, not resistant to hostile enchantments, extremely unstealthy
A: negative energy resistance 1, electricity resistance, unbreathing,
petrification resistance, rot immunity, AC +7
a: Divine Shield, Cleansing Flame, Summon Divine Warrior, Renounce Religion,
Evoke Flight


You were on level 9 of the Dungeon.
You worshipped the Shining One.
The Shining One was extremely pleased with you.
You were hungry.

You visited 1 branch of the dungeon, and saw 9 of its levels.

You collected 373 gold pieces.

Inventory:

Hand Weapons
 p - a +0 battleaxe (weapon)
Armour
 C - a +0 plate armour (worn)
 E - a +2 cloak of poison resistance (worn)
Jewellery
 h - an amulet of magic regeneration (around neck)
 A - an uncursed ring of magical power
 F - a ring of flight (left hand)
 H - a cursed -3 ring of strength (right hand)
Wands
 a - a wand of iceblast (10/15)
 v - a wand of lightning (12/15)
 y - a wand of iceblast (10/15)
Scrolls
 g - 2 scrolls of fear {unknown}
 i - a scroll of random uselessness {unknown}
 j - 3 scrolls of teleportation {unknown}
 k - a scroll of amnesia {unknown}
 m - 5 scrolls of remove curse {unknown}
 n - 7 scrolls of identify {unknown}
 o - a scroll of immolation {unknown}
 r - 2 scrolls of recharging {unknown}
 s - 2 scrolls of fog {unknown}
 t - a scroll of acquirement {unknown}
 w - a scroll of noise {unknown}
 x - 2 scrolls of enchant armour {unknown}
 B - a scroll of enchant weapon {unknown}
 I - a scroll of summoning {unknown}
Potions
 b - a potion of berserk rage {unknown}
 d - 5 potions of heal wounds {unknown}
 e - a potion of brilliance {unknown}
 f - 2 potions of haste
 l - 2 potions of resistance {unknown}
 q - a potion of lignification
 J - a potion of beneficial mutation {unknown}
Comestibles
 c - 5 meat rations
 u - a royal jelly
 z - 5 bread rations
 D - a slice of pizza
 G - 7 beef jerkies


   Skills:
 - Level 6.5 Fighting
 + Level 12.2 Axes
 - Level 5.0 Dodging
 - Level 2.1 Stealth
 - Level 4.0 Unarmed Combat


You had 9 spell levels left.
You didn't know any spells.

Dungeon Overview and Level Annotations

Branches:
Dungeon (9/15)             Temple (0/1) D:5
   Lair: D:8-11         Orc: D:9-12

Altars:
Ashenzari
Elyvilon
Gozag
Makhleb
Okawaru
Ru
Trog
Vehumet
Xom
Yredelemnul
Zin
The Shining One


Innate Abilities, Weirdness & Mutations

You are resistant to torment.
Your stone body is resilient (AC +7).
You are immune to poison.
You resist negative energy.
You are resistant to electric shocks.
You can survive without breathing.
You are immune to petrification.
You are immune to rotting.


Message History

Unknown command.
You hit the earth elemental.
The earth elemental is lightly damaged.
Unknown command.
You hit the earth elemental.
The earth elemental is moderately damaged.
The earth elemental hits you.
* * * LOW HITPOINT WARNING * * *
Unknown command.
You hit the earth elemental.
The earth elemental is moderately damaged.
The earth elemental hits you but does no damage.
Unknown command.
You hit the earth elemental.
The earth elemental is moderately damaged.
Unknown command.
You hit the earth elemental but do no damage.
The earth elemental is moderately damaged.
The earth elemental hits you!
You die...

#.........('....#......#
#..........######....###
########'### ##.###
###.# ..# #...# .##
#.### #####'##
#......######
#......'.@EY#
+......####eo....
#......# #.... #......#
... #......# . ########


You could see an earth elemental, a deep elf mage, an ice beast and an orc.

Vanquished Creatures
  Pikel (D:5)
  The ghost of Guenter the Covert, a novice OpSk (D:6)
  6 yaks (D:8)
  A hippogriff (D:7)
  Grum (D:8)
  A water moccasin (D:7)
  A black bear (D:6)
  2 orc warriors
  2 phantoms
  2 ice beasts
  8 ogres
  2 wolves (D:8)
  Blork the orc (D:5)
  2 big kobolds (D:8)
  3 giant frogs
  3 scorpions
  4 crimson imps
  6 howler monkeys
  A quasit (D:8)
  2 giant frog zombies
  A jelly (D:7)
  Crazy Yiuf (D:6)
  3 orc priests
  5 orc wizards
  3 giant frog skeletons
  An iguana (D:5)
  Natasha (thrice) (D:3)
  3 worker ants
  A hound zombie (D:6)
  2 worker ant zombies
  13 adders
  A shadow imp (D:5)
  4 oozes
  2 adder zombies
  3 worms
  A dart slug (D:1)
  8 giant geckos
  26 orcs
  5 bats
  3 giant cockroaches
  6 hobgoblins
  13 jackals
  4 quokkas
  A ball python (D:4)
  9 goblins
  A jackal skeleton (D:4)
  A jackal zombie (D:8)
  32 kobolds
  6 rats
  3 plants (D:8)
215 creatures vanquished.

Notes
Turn   | Place    | Note
--------------------------------------------------------------
     0 | D:1      | Eucla the Gargoyle Monk began the quest for the Orb.
     0 | D:1      | Reached XP level 1. HP: 14/14 MP: 1/1
   113 | D:1      | Reached XP level 2. HP: 14/19 MP: 2/2
   632 | D:1      | Reached XP level 3. HP: 9/24 MP: 3/3
  1158 | D:2      | Found a faded altar to an unknown god.
  1195 | D:2      | Became a worshipper of the Shining One
  1195 | D:2      | Reached * piety under the Shining One
  1195 | D:2      | Reached ** piety under the Shining One
  1291 | D:2      | Found a bloodstained altar of Trog.
  1294 | D:2      | You fall through a shaft!
  1327 | D:3      | Noticed Natasha
  1327 | D:3      | Reached *** piety under the Shining One
  1338 | D:3      | Reached XP level 4. HP: 28/30 MP: 4/4
  1350 | D:3      | Killed Natasha
  1664 | D:2      | Reached XP level 5. HP: 34/34 MP: 5/5
  1696 | D:2      | Reached skill level 5 in Fighting
  2237 | D:3      | Noticed Natasha
  2243 | D:3      | Killed Natasha
  2431 | D:3      | Reached XP level 6. HP: 40/40 MP: 6/6
  2660 | D:3      | Noticed Natasha
  2670 | D:3      | Killed Natasha
  2897 | D:4      | Found an iron altar of Okawaru.
  2898 | D:4      | Found a sacrificial altar of Ru.
  2898 | D:4      | Found an opulent altar of Gozag.
  3944 | D:5      | Entered Level 5 of the Dungeon
  3973 | D:5      | Noticed Blork the orc
  3989 | D:5      | Reached XP level 7. HP: 31/46 MP: 7/7
  4013 | D:5      | Killed Blork the orc
  4013 | D:5      | Reached skill level 5 in Dodging
  4225 | D:5      | Noticed Pikel
  4242 | D:5      | Killed Pikel
  4242 | D:5      | Reached skill level 4 in Axes
  4242 | D:5      | Reached XP level 8. HP: 34/52 MP: 8/8
  4565 | D:5      | Reached skill level 5 in Axes
  4641 | D:5      | Found a glowing golden altar of the Shining One.
  4641 | D:5      | Found a glowing silver altar of Zin.
  4641 | D:5      | Found a white marble altar of Elyvilon.
  4762 | D:5      | Found a staircase to the Ecumenical Temple.
  4975 | D:6      | Reached skill level 6 in Axes
  5318 | D:6      | Noticed Guenter's ghost (novice OpSk)
  5318 | D:6      | Reached **** piety under the Shining One
  5335 | D:6      | Reached skill level 7 in Axes
  5344 | D:6      | Reached XP level 9. HP: 35/56 MP: 9/9
  5352 | D:6      | Killed Guenter's ghost
  5352 | D:6      | Reached skill level 8 in Axes
  5668 | D:6      | Found a burning altar of Makhleb.
  5669 | D:6      | Found a radiant altar of Vehumet.
  5670 | D:6      | Reached skill level 9 in Axes
  5678 | D:6      | Found an iron altar of Okawaru.
  5733 | D:6      | Noticed Crazy Yiuf
  5739 | D:6      | Killed Crazy Yiuf
  6113 | D:7      | Found a basalt altar of Yredelemnul.
  6173 | D:7      | Reached skill level 10 in Axes
  6471 | D:7      | Reached XP level 10. HP: 58/61 MP: 10/10
  6757 | D:8      | Reached skill level 11 in Axes
  7126 | D:8      | Found a shattered altar of Ashenzari.
  7147 | D:8      | Reached ***** piety under the Shining One
  7331 | D:8      | Found a shimmering altar of Xom.
  7386 | D:8      | Noticed Grum
  7395 | D:8      | Killed Grum
  7395 | D:8      | Reached skill level 12 in Axes
  7640 | D:9      | Noticed a deep elf mage
  7656 | D:9      | Slain by an earth elemental

Skill      XL: |  1  2  3  4  5  6  7  8  9 10 |
---------------+-------------------------------+-----
Dodging        | 3 4 5 |  5.0
Fighting       | 4 5 6 |  6.5
Axes           | 4 7 10 12 | 12.2
Stealth        | |  2.1
Unarmed Combat | |  4.0

Action                   |  1- 3 |  4- 6 |  7- 9 | 10-12 || total
-------------------------+-------+-------+-------+-------++-------
Melee: Unarmed           |    93 |   234 |    23 |       ||   350
       Punch             |     4 |     2 |       |       ||     6
       Battleaxe         |       |       |   196 |   170 ||   366
  Use: Potion            |     1 |     1 |     1 |       ||     3
 Stab: Sleeping          |     1 |       |       |       ||     1
  Eat: Bread ration      |     1 |     1 |       |       ||     2
       Chunk             |       |     3 |     6 |     4 ||    13
Armor: Robe              |    26 |       |       |       ||    26
       Skin              |    11 |     2 |       |       ||    13
       Ring mail         |     7 |    64 |    27 |       ||    98
       Plate armour      |       |       |   135 |   161 ||   296
       Chain mail        |       |       |     9 |       ||     9
Dodge: Dodged            |    65 |   152 |    80 |    47 ||   344
